 Dungeon Crawl Stone Soup version 0.24-a0-537-g2d01d4ab0a (webtiles) character file.

Game seed: 7589129825785448433

109 Gynju the Sneak (level 4, -2/21 HPs)
             Began as a Spriggan Enchanter on Aug 14, 2019.
             Was a Follower of Kikubaaqudgha.
             Killed by nerve-wracking pain
             ... invoked by Grinder
              (7 damage)
             ... on level 3 of the Dungeon.
             The game lasted 00:03:11 (2704 turns).

Gynju the Sneak (Spriggan Enchanter)                Turns: 2704, Time: 00:03:12

Health: -2/21      AC:  2    Str:  4    XL:     4   Next: 59%
Magic:  0/10       EV: 18    Int: 17    God:    Kikubaaqudgha [*.....]
Gold:   158        SH:  0    Dex: 16    Spells: 4/10 levels left

rFire    . . .     SeeInvis +   a - +1 dagger
rCold    . . .     Gourm    .   (shield restricted)
rNeg     . . .     Faith    .   b - +0 robe
rPois    .         Spirit   +   (helmet restricted)
rElec    .         Reflect  .   f - scarf {Spirit}
rCorr    .         Harm     .   (gloves unavailable)
MR       .....                  (boots unavailable)
Stlth    +++.......             (no amulet)
HPRegen  0.07/turn              (no ring)
MPRegen  0.12/turn              (no ring)

@: very quick
A: very small, unfitting armour, see invisible, herbivore, speed 3, slow
metabolism 2
a: Receive Corpses, Renounce Religion


You were on level 3 of the Dungeon.
You worshipped Kikubaaqudgha.
Kikubaaqudgha was aware of your devotion.
You were very hungry.

You visited 1 branch of the dungeon, and saw 3 of its levels.

You collected 158 gold pieces.

Inventory:

Hand Weapons
 a - a +1 dagger (weapon)
Missiles
 h - 12 poisoned darts (quivered)
Armour
 b - a +0 robe (worn)
 f - a scarf of spirit shield (worn)
Jewellery
 j - an uncursed ring of poison resistance {unknown}
 k - an uncursed ring of flight {unknown}
Scrolls
 e - 3 scrolls of immolation {unknown}
 g - a scroll of identify {unknown}
Potions
 c - a potion of haste {unknown}
 i - 2 potions of brilliance {unknown}
 l - a potion of berserk rage {unknown}
Comestibles
 d - 3 rations


   Skills:
 - Level 1.1 Short Blades
 - Level 3.0 Dodging
 * Level 6.3 Stealth
 + Level 3.5 Spellcasting
 * Level 5.0 Hexes


You had 4 spell levels left.
You knew the following spells:

 Your Spells              Type           Power        Failure   Level  Hunger
a - Corona                Hex            ###....      1%          1    None
b - Ensorcelled Hibernat  Hex/Ice        ##....       9%          2    ##.....
c - Tukima's Dance        Hex            ###.....     6%          3    ###....

Your spell library contained the following spells:

 Spells                   Type           Power        Failure   Level  Hunger
 Confuse                  Hex            ###.....     6%          3    ###....
 Pain                     Necr           #...         17%         1    None
 Dazzling Spray           Conj/Hex       ##....       19%         3    ###....
 Corpse Rot               Necr           N/A          26%         2    ##.....
 Sublimation of Blood     Necr           #.........   26%         2    ##.....
 Regeneration             Chrm/Necr      #.........   45%         3    ###....


Dungeon Overview and Level Annotations

Branches:
Dungeon (3/15)

Altars:
Kikubaaqudgha
Wu Jian

Annotations:
D:3 Grinder


Innate Abilities, Weirdness & Mutations

You are very small and have problems with some larger weapons.
You are too small for most types of armour.
You have supernaturally acute eyesight. (SInv)
You are a herbivore.
You cover ground extremely quickly.
You need to consume almost no food.


Message History

A rat comes into view.
Grinder gestures at you. You resist with some effort.
Found 20 arrows and a ring mail.
Grinder says, "Mostly I couldn't keep them alive."
Grinder blinks!
Grinder gestures at you.
You suddenly lose the ability to move!
Grinder hits you.
You writhe in agony.
Grinder gestures at you. Pain shoots through your body! Grinder hits you!
You writhe in agony.
* * * LOW HITPOINT WARNING * * *
Grinder gestures at you. You resist with some effort.
You can move again.
Grinder gestures at you. Pain shoots through your body!
You die...
Kikubaaqudgha rasps: "You have failed me!
Welcome... death!"

.............###..#####.# #...
...................# #..# #.##
...................# #.## #.#
.........#.........##########
........##........##..###..#
..................#.##.##)####
.........#.........##.##.##._#
..........<.......##.##.##.###
.............@..5.##...#...#
...................#########
.........#.#.#####.##...(...
#..........#.#..............
##.###.....)..........S.S...
#. #........#.###......####
.....................#
#......................
^........................


You could see Grinder.

Vanquished Creatures
  7 adders
  A dart slug (D:1)
  2 ball pythons
  7 bats
  4 giant cockroaches
  5 goblins
  8 hobgoblins
  3 frilled lizards
  6 kobolds
  4 rats (D:1)
47 creatures vanquished.

Notes
Turn   | Place    | Note
-------+----------+-------------------------------------------
     0 | D:1      | Gynju the Spriggan Enchanter began the quest for the Orb.
     0 | D:1      | Reached XP level 1. HP: 9/9 MP: 5/5
   116 | D:1      | Reached XP level 2. HP: 11/13 MP: 6/6
   129 | D:1      | Learned a level 2 spell: Ensorcelled Hibernation
   187 | D:1      | Reached skill level 5 in Stealth
  1093 | D:1      | Reached XP level 3. HP: 16/16 MP: 8/8
  1110 | D:1      | Learned a level 3 spell: Tukima's Dance
  1280 | D:2      | Found an ancient bone altar of Kikubaaqudgha.
  1289 | D:2      | Became a worshipper of Kikubaaqudgha
  1931 | D:2      | Reached XP level 4. HP: 21/21 MP: 5/10
  2050 | D:2      | Reached skill level 6 in Stealth
  2581 | D:3      | Reached * piety under Kikubaaqudgha
  2581 | D:3      | Identified Kikubaaqudgha's Handbook of Sinister Arts
                  | (Kikubaaqudgha gifted it to you on level 3 of the Dungeon)
  2581 | D:3      | Received a gift from Kikubaaqudgha
  2581 | D:3      | Reached skill level 5 in Hexes
  2668 | D:3      | Found an ornate altar of the Wu Jian Council.
  2688 | D:3      | Noticed Grinder
  2693 | D:3      | Paralysed by Grinder for 7 turns
  2704 | D:3      | Killed from afar by Grinder

Levels and vault maps discovered:
D:1:      dpeg_arrival_stone_temple_mockup, layout_loops_ring
D:2:      layout_loops_ring, kiku_gazebo_garden_becter, first_ration,
          serial_bayou_pond_d
D:3:      layout_rooms, marbit_many_paths, lemuel_crystal_altar,
          gammafunk_ghost_stat_death, uniq_grinder

Skill      XL: |  1  2  3  4 |
---------------+-------------+-----
Hexes          | 4 5 |  5.0
Stealth        | 5 6 |  6.3
Spellcasting   | 3 |  3.5
Short Blades   | |  1.1
Dodging        | |  3.0

Action                   |  1- 3 |  4- 6 || total
-------------------------+-------+-------++-------
Melee: Dagger            |   101 |    62 ||   163
 Cast: Ensorcelled Hiber |    21 |     8 ||    29
 Stab: Sleeping          |    20 |     6 ||    26
Armor: Robe              |    16 |    12 ||    28
Dodge: Dodged            |   103 |    65 ||   168

Table legend:
 A = Non-vault XP
 B = Vault XP
 C = Vault XP percentage of total XP
 D = Non-vault monster count
 E = Vault monster count
 F = Vault count percentage of total count
                 A         B        C        D         E       F
            +---------+---------+-------+---------+---------+-------
      Total |     155 |       1 |   0.6 |      46 |       1 |   2.1
            +---------+---------+-------+---------+---------+-------
        D:1 |      41 |       0 |   0.0 |      23 |       0 |   0.0
        D:2 |      97 |       0 |   0.0 |      20 |       0 |   0.0
        D:3 |      17 |       1 |   5.6 |       3 |       1 |  25.0
            +---------+---------+-------+---------+---------+-------
